 Dungeon Crawl Stone Soup version 0.31-a0-198-g2ad674f65e (webtiles) character file.

Game seed: 3849332160014452633

861 qw the Skirmisher (level 7, -4/40 HPs)
             Began as a Deep Elf Hunter on June 25, 2023.
             Slain by Sigmund
             ... wielding a +2 scythe of protection
              (9 damage)
             ... on level 5 of the Dungeon.
             The game lasted 00:01:26 (4476 turns).

qw the Skirmisher (Deep Elf Hunter)                 Turns: 4476, Time: 00:01:26

Health: -4/40      AC:  5    Str:  9 (10) XL:     7   Next: 71%
Magic:  9/9        EV: 11    Int: 13 (14) God:
Gold:   333        SH:  0    Dex: 18      Spells: 6/6 levels left

rFire   . . .        h - +0 orcbow
rCold   . . .        (shield currently unavailable)
rNeg    . . .        b - +0 ring mail
rPois   .            d - +1 helmet
rElec   .            j - +1 cloak
rCorr   .            (no gloves)
SInv    +            (no boots)
Will    .....        k - amulet of regeneration
Stlth   +            f - ring of see invisible
HPRegen 1.06/turn    (no ring)
MPRegen 0.11/turn

%: no passive effects
@: corroded
A: no striking features
a: no special abilities


You were on level 5 of the Dungeon.
You visited 2 branches of the dungeon, and saw 6 of its levels.

You collected 333 gold pieces.


   Skills:
 - Level 2.0 Fighting
 + Level 11.9 Ranged Weapons
 - Level 1.3 Armour
 - Level 3.0 Dodging
 - Level 1.2 Stealth


You had 6 spell levels left.
You didn't know any spells.
Your spell library was empty.

Inventory:

Hand Weapons
 h - a +0 orcbow (weapon)
Armour
 b - a +0 ring mail (worn)
 d - a +1 helmet (worn)
 j - a +1 cloak (worn)
Jewellery
 f - a ring of see invisible (left hand)
 k - an amulet of regeneration (around neck)
Scrolls
 a - 4 scrolls of identify
 n - a scroll of fog {unknown}
Potions
 c - a potion of attraction {unknown}
 e - a potion of might {unknown}
 i - 2 potions of curing {unknown}
 l - a potion of mutation {unknown}
 m - 2 potions of brilliance {unknown}

Dungeon Overview and Level Annotations

Branches:
Dungeon (5/15)             Temple (1/1) D:4

Altars:
Ashenzari
Cheibriados
Dithmenos
Elyvilon
Kikubaaqudgha
Makhleb
Nemelex Xobeh
Qazlal
Ru
Sif Muna
Trog
Uskayaw
Vehumet
Wu Jian
Xom
Zin
The Shining One

Annotations:
D:3 1 runed translucent door, Crazy Yiuf
D:5 Sigmund


Message History

You feel sick. The hound closely misses you.
The jelly hits you but does no damage. The quokka barely misses you.
Sigmund closely misses you. The scorpion stings you. The hound bites you.
4471 ||| DRINKING potion of heal wounds.
You feel much better.
You feel sick. The jelly closely misses you. The quokka closely misses you.
The hound pauses to sniff the ground.
The hound closely misses you. The scorpion stings you.
You shoot an arrow. The arrow hits the scorpion.
The scorpion is almost dead.
You feel sick. The hound misses you. The quokka closely misses you.
The jelly hits you but does no damage.
Sigmund hits you from afar with a +2 scythe of protection.
The scorpion stings you but does no damage.
The hound bites you.
The quokka bites you but does no damage.
The jelly hits you but does no damage.
You shoot an arrow. The arrow hits the scorpion!
You kill the scorpion!
You feel sick. The hound bites you but does no damage.
Sigmund hits you from afar with a +2 scythe of protection!
The quokka bites you but does no damage.
The jelly hits you but does no damage. The hound closely misses you.
You feel your intelligence returning.
You shoot an arrow. The arrow barely misses the hound.
The arrow closely misses Sigmund.
You feel sick. The quokka barely misses you. The hound bites you.
The jelly hits you but does no damage. Sigmund closely misses you.
You shoot an arrow. The arrow closely misses the hound.
The arrow barely misses Sigmund.
You feel sick.
You are no longer poisoned.
The hound bites you. The quokka closely misses you.
The jelly closely misses you. The hound misses you.
The quokka closely misses you.
You shoot an arrow. The arrow closely misses the hound.
The arrow barely misses Sigmund.
The hound bites you.
Sigmund hits you from afar with a +2 scythe of protection!
You die...

#.# #### #.# #.. #.#
#.# ####.#### ###.#
#.......#
#...########.......#
...............)J%.#
#.###..#####..@h@?.#
..# #..# #...r...#
.## #..# #########
## #..# # #..# #
#..# # #..# # #..#
....


You could see Sigmund, a hound, a jelly and a quokka.

Vanquished Creatures
  Eustachio (D:5)
  A black bear (D:4)
  An ogre (D:3)
  A phantom (D:5)
  3 scorpions
  2 hounds
  A jelly (D:5)
  An iguana (D:4)
  Natasha (twice) (D:2)
  6 adders
  3 dart slugs (D:1)
  7 orcs
  5 ball pythons
  4 endoplasms
  3 giant cockroaches
  7 hobgoblins
  2 jackals (D:4)
  4 quokkas
  6 bats
  2 frilled lizards
  7 goblins
  10 kobolds
  3 rats
  2 butterflies (D:4)
84 creatures vanquished.

Notes
Turn   | Place    | Note
-------+----------+-------------------------------------------
     0 | D:1      | qw the Deep Elf Hunter began the quest for the Orb.
     0 | D:1      | Reached XP level 1. HP: 12/12 MP: 3/3
     0 | D:1      | 0 ||| qw: Version: 0.3-a-22-g0ed2b0b
     0 | D:1      | 0 ||| qw: Game counter: 5359
     0 | D:1      | 0 ||| qw: Melee chars always use a shield: true
     0 | D:1      | 0 ||| qw: God list: Okawaru
     0 | D:1      | 0 ||| qw: Allow faded altars: false
     0 | D:1      | 0 ||| qw: Do Orc after clearing Dungeon:15 true
     0 | D:1      | 0 ||| qw: Do second Lair branch before Depths: true
     0 | D:1      | 0 ||| qw: Lair rune preference: random
     0 | D:1      | 0 ||| qw: Goals: Normal
     0 | D:1      | 0 ||| PLANNING D:1-11
   124 | D:1      | HP: 2/12 [goblin/+0 dagger of protection (3)]
   216 | D:1      | Reached XP level 2. HP: 16/16 MP: 4/4
   236 | D:1      | Reached skill level 6 in Ranged Weapons
   709 | D:1      | Reached XP level 3. HP: 20/20 MP: 5/5
  1008 | D:1      | 1008 ||| READING scroll labelled BUNAHO FAVEGOI.
  1009 | D:1      | 1009 ||| READING scroll labelled XUKORU RIEC.
  1010 | D:1      | 1010 ||| READING scroll labelled ZAUKHA CIGHIEL.
  1011 | D:1      | 1011 ||| READING scroll labelled LOCVEI KETHAK.
  1012 | D:1      | 1012 ||| READING scroll labelled EDDEOSSUAJE.
  1013 | D:1      | 1013 ||| DROPPING scroll of butterflies.
  1396 | D:2      | Reached skill level 7 in Ranged Weapons
  1397 | D:2      | Noticed Natasha
  1408 | D:2      | Killed Natasha
  1409 | D:2      | Reached XP level 4. HP: 20/25 MP: 6/6
  1669 | D:2      | Noticed Natasha
  1673 | D:2      | 1673 ||| FLEEEEING.
  1674 | D:2      | 1674 ||| FLEEEEING.
  1675 | D:2      | 1675 ||| FLEEEEING.
  1682 | D:2      | Killed Natasha
  1747 | D:2      | Reached skill level 8 in Ranged Weapons
  1954 | D:2      | 1954 ||| UPGRADING to +0 ring mail.
  1964 | D:2      | 1964 ||| DROPPING +0 leather armour.
  1965 | D:2      | 1965 ||| UPGRADING to +1 cloak.
  1970 | D:2      | 1970 ||| UPGRADING to amulet of regeneration.
  1975 | D:2      | 1975 ||| UPGRADING to ring of see invisible.
  1976 | D:2      | 1976 ||| READING scroll labelled WUGIEMUGEHE.
  1977 | D:2      | 1977 ||| READING scroll labelled MINAK DA IVUTT.
  1978 | D:2      | 1978 ||| READING scroll labelled QOMOHA BYXAEJ.
  2146 | D:3      | Reached XP level 5. HP: 29/29 MP: 7/7
  2153 | D:3      | Found a hide-covered altar of Uskayaw.
  2180 | D:3      | Found a runed translucent door.
  2181 | D:3      | Noticed Crazy Yiuf
  2203 | D:3      | Noticed an ogre
  2209 | D:3      | Killed an ogre
  2210 | D:3      | Reached skill level 9 in Ranged Weapons
  2288 | D:3      | Found a snail-covered altar of Cheibriados.
  2821 | D:3      | Found a faded altar of an unknown god.
  3008 | D:3      | 3008 ||| UPGRADING to +0 helmet.
  3013 | D:3      | 3013 ||| READING scroll labelled ISUSATT YNLIGI.
  3049 | D:3      | 3049 ||| DRINKING 3 golden potions.
  3050 | D:3      | 3050 ||| DRINKING 2 smoky yellow potions.
  3051 | D:3      | 3051 ||| DROPPING potion of degeneration.
  3102 | D:4      | Found a staircase to the Ecumenical Temple.
  3103 | D:4      | 3103 ||| PLANNING TEMPLE
  3111 | Temple   | Entered the Ecumenical Temple
  3379 | Temple   | 3379 ||| PLANNING D:1-11
  3426 | D:4      | Reached XP level 6. HP: 35/35 MP: 8/8
  3479 | D:4      | Reached skill level 1 in Armour
  3622 | D:4      | 3622 ||| READING scroll of enchant armour.
  3622 | D:4      | 3622 ||| ENCHANTING +0 helmet.
  3846 | D:4      | Reached skill level 10 in Ranged Weapons
  4144 | D:4      | Found a white marble altar of Elyvilon.
  4212 | D:4      | Found a broken altar of Ashenzari.
  4283 | D:4      | You fall into a shaft and drop 1 floor!
  4283 | D:5      | Entered Level 5 of the Dungeon
  4284 | D:5      | 4284 ||| SWAPPING to +0 orcbow.
  4285 | D:5      | 4285 ||| DROPPING +1 shortbow of freezing.
  4313 | D:5      | Reached skill level 3 in Dodging
  4337 | D:5      | Reached XP level 7. HP: 40/40 MP: 9/9
  4405 | D:5      | Reached skill level 11 in Ranged Weapons
  4446 | D:5      | Noticed Eustachio
  4459 | D:5      | Noticed Sigmund
  4463 | D:5      | Killed Eustachio
  4467 | D:5      | HP: 10/40 [Sigmund/+2 scythe of protection (2)]
  4468 | D:5      | 4468 ||| DRINKING 2 potions of heal wounds.
  4471 | D:5      | 4471 ||| DRINKING potion of heal wounds.
  4473 | D:5      | HP: 10/40 [Sigmund/+2 scythe of protection (12)]
  4476 | D:5      | Slain by Sigmund

Levels and vault maps discovered:
D:1:      psy_arrival_basics, layout_loops_corners, serial_bayou_pond_d,
          hangedman_abyss_or_decor_stabs
D:2:      minmay_chambers_of_ones, layout_basic, nrook_loot_triangle,
          uniq_natasha
D:3:      layout_basic, overflow_temple_1_default, cheibriados_altar_1,
          shapermc_ecumenical_altar_ellora, uniq_crazy_yiuf_cottage
D:4:      layout_basic, nicolae_elyvilon_temple_path, lemuel_round_altar,
          minmay_temple_entry_crystal_x, hangedman_glass_garden,
          dreamdust_mushroom_princess
D:5:      layout_basic, minmay_shop_mass, serial_park_tiny_pond, uniq_duvessa,
          uniq_eustachio, uniq_menkaure, uniq_sigmund
Temple:   compressed_dpeg_triangle_lava_temple

Skill      XL: |  1  2  3  4  5  6  7 |
---------------+----------------------+-----
Ranged Weapons | 6 7 8 9 10 11 | 11.9
Fighting       | 2 |  2.0
Armour         | 1 |  1.3
Dodging        | 3 |  3.0
Stealth        | |  1.2

Action                     |  1- 3 |  4- 6 |  7- 9 || total
---------------------------+-------+-------+-------++-------
   Fire: Shortbow          |    83 |   137 |       ||   220
         Orcbow            |       |    18 |    59 ||    77
    Use: Scroll            |     5 |     5 |       ||    10
         Potion            |       |     2 |     2 ||     4
 Armour: Leather armour    |     2 |       |       ||     2
         Ring mail         |       |    19 |    38 ||    57
  Dodge: Dodged            |    21 |    30 |    43 ||    94

Table legend:
 A = Non-vault XP
 B = Vault XP
 C = Vault XP percentage of total XP
 D = Non-vault monster count
 E = Vault monster count
 F = Vault count percentage of total count
                 A         B        C        D         E       F
            +---------+---------+-------+---------+---------+-------
      Total |     980 |     251 |  20.4 |      75 |       7 |   8.5
            +---------+---------+-------+---------+---------+-------
        D:1 |      44 |       0 |   0.0 |      22 |       0 |   0.0
        D:2 |      74 |      55 |  42.6 |      10 |       6 |  37.5
        D:3 |     167 |       0 |   0.0 |      17 |       0 |   0.0
        D:4 |     330 |       0 |   0.0 |      18 |       0 |   0.0
        D:5 |     365 |     196 |  34.9 |       8 |       1 |  11.1
            +---------+---------+-------+---------+---------+-------
